 Dungeon Crawl Stone Soup version 0.20.1-1-g8b1a95d (webtiles) character file.

1843 homeworkjunkie the Cleaver (level 9, -5/75 HPs)
             Began as a Hill Orc Fighter on Dec 11, 2017.
             Was a Believer of Okawaru.
             Slain by Joseph
             ... wielding a +0 quarterstaff
              (6 damage)
             ... on level 7 of the Dungeon.
             The game lasted 00:08:46 (4543 turns).

homeworkjunkie the Cleaver (Hill Orc Fighter)       Turns: 4543, Time: 00:08:47

Health: -5/75      AC: 13    Str: 21    XL:     9   Next: 12%
Magic:  11/11      EV:  9    Int:  8    God:    Okawaru [**....]
Gold:   342        SH: 10    Dex: 11    Spells: 8/8 levels left

rFire    . . .     SeeInvis .   a - +0 war axe
rCold    + . .     Gourm    .   c - +0 shield
rNeg     . . .     Faith    .   b - +0 scale mail
rPois    .         Spirit   .   h - +0 helmet
rElec    .         Reflect  .   (no cloak)
rCorr    .         Harm     +   p - +0 pair of gloves
MR       .....                  i - +2 pair of boots
Stlth    +.........             t - amulet of harm
Regen    0.3/turn               l - ring of stealth
MPRegen  0.2/turn               r - ring of protection from cold (curse)

@: lethally poisoned (-5 -> -18)
A: no striking features
a: Heroism, Renounce Religion


You were on level 7 of the Dungeon.
You worshipped Okawaru.
Okawaru was pleased with you.
You were not hungry.

You visited 1 branch of the dungeon, and saw 7 of its levels.

You collected 342 gold pieces.

Inventory:

Hand Weapons
 a - a +0 war axe (weapon)
Armour
 b - a +0 scale mail (worn)
 c - a +0 shield (worn)
 h - a +0 helmet (worn)
 i - a +2 pair of boots (worn)
 p - a +0 pair of gloves (worn)
Jewellery
 j - an uncursed ring of magical power
 l - a ring of stealth (left hand)
 r - a cursed ring of protection from cold (right hand)
 t - an amulet of harm (around neck)
 x - an uncursed ring of ice
Wands
 d - a wand of confusion (15/48)
Scrolls
 e - a scroll of fog
 g - 3 scrolls of teleportation
 n - 2 scrolls of identify
Potions
 m - a potion of agility
 o - a potion of mutation {unknown}
 q - a potion of curing
 z - a potion of haste
Comestibles
 f - 6 bread rations
 k - 2 meat rations


   Skills:
 * Level 6.0 Fighting
 * Level 9.8 Axes
 * Level 5.7 Armour
 + Level 1.9 Dodging
 + Level 1.0 Stealth
 * Level 6.0 Shields
 * Level 3.4 Evocations


You had 8 spell levels left.
You didn't know any spells.

Dungeon Overview and Level Annotations

Branches:
Dungeon (7/15)             Temple (0/1) D:7

Altars:
Fedhas
Nemelex Xobeh
Okawaru
Sif Muna
Yredelemnul

Annotations:
D:7 Joseph


Message History

* * * LOW HITPOINT WARNING * * *
You are more poisoned.
The killer bee poisons you! You block Joseph's attack.
You barely miss Joseph.
Joseph is lightly wounded.
You closely miss the killer bee.
You feel sick.
The killer bee stings you but does no damage.
The killer bee barely misses you.
Joseph hits you with an uncursed quarterstaff!
* * * LOW HITPOINT WARNING * * *
You slash Joseph!
Joseph is moderately wounded.
You closely miss the killer bee.
* * * LOW HITPOINT WARNING * * *
You feel sick. You block the killer bee's attack. The killer bee stings you.
* * * LOW HITPOINT WARNING * * *
You are more poisoned.
The killer bee poisons you!
Joseph hits you with an uncursed quarterstaff.
You die...

( ##[## ##..<##
##)....###.##
####............
........).###...
######...## #
##.##
#.########.#
#......y@@.#
############


You could see Joseph and a killer bee.

Vanquished Creatures
  Grinder (D:5)
  A hippogriff (D:7)
  Eustachio (D:4)
  Menkaure (D:4)
  The ghost of Kingsmith the Thaumaturge, an amateur DECj (D:4)
  A phantom (D:5)
  2 killer bees (D:7)
  2 howler monkeys
  A crimson imp (D:5)
  A bullfrog skeleton (D:6)
  3 orc priests
  2 hounds (D:6)
  4 orc wizards
  Ijyb (D:4)
  4 worker ants
  A killer bee zombie (D:6)
  A hound skeleton (D:4)
  6 adders
  13 gnolls
  4 oozes
  2 adder skeletons (D:4)
  2 worms
  2 dart slugs
  3 leopard geckos
  24 orcs
  3 ball pythons
  7 bats
  8 giant cockroaches
  4 hobgoblins
  6 jackals
  3 kobolds
  2 quokkas
  3 frilled lizards
  3 goblins
  6 rats
129 creatures vanquished.

Vanquished Creatures (collateral kills)
  2 killer bees (D:7)
2 creatures vanquished.

Vanquished Creatures (others)
  An orc wizard (D:4)
1 creature vanquished.

Grand Total: 132 creatures vanquished

Notes
Turn   | Place    | Note
-------+----------+-------------------------------------------
     0 | D:1      | homeworkjunkie the Hill Orc Fighter began the quest for the Orb.
     0 | D:1      | Reached XP level 1. HP: 19/19 MP: 1/1
    75 | D:1      | Reached skill level 3 in Axes
   119 | D:2      | Reached XP level 2. HP: 20/27 MP: 2/2
   325 | D:3      | Found a deep blue altar of Sif Muna.
   453 | D:3      | Reached XP level 3. HP: 31/33 MP: 3/3
   691 | D:4      | Noticed Ijyb
   723 | D:4      | Killed Ijyb
   723 | D:4      | Reached skill level 4 in Axes
   723 | D:4      | Reached XP level 4. HP: 40/40 MP: 4/4
   736 | D:5      | Entered Level 5 of the Dungeon
   981 | D:3      | Reached XP level 5. HP: 18/46 MP: 5/5
  1569 | D:2      | Reached skill level 1 in Dodging
  1592 | D:2      | Found a blossoming altar of Fedhas.
  2080 | D:1      | Reached skill level 1 in Evocations
  2400 | D:4      | Noticed Kingsmith's ghost (amateur DECj)
  2410 | D:4      | Killed Kingsmith's ghost
  2410 | D:4      | Reached skill level 5 in Axes
  2410 | D:4      | Reached XP level 6. HP: 49/53 MP: 6/6
  2525 | D:4      | Found an iron altar of Okawaru.
  2551 | D:4      | Became a worshipper of Warmaster Okawaru
  2561 | D:4      | Noticed Menkaure
  2574 | D:4      | Killed Menkaure
  2574 | D:4      | Reached skill level 6 in Axes
  2574 | D:4      | Reached XP level 7. HP: 44/60 MP: 8/8
  2596 | D:4      | Noticed Eustachio
  2622 | D:4      | Killed Eustachio
  2711 | D:4      | Reached skill level 5 in Shields
  2713 | D:4      | Reached skill level 7 in Axes
  2734 | D:4      | Reached skill level 5 in Fighting
  3068 | D:4      | Reached skill level 5 in Armour
  3279 | D:5      | Reached * piety under Okawaru
  3279 | D:5      | Reached XP level 8. HP: 68/68 MP: 9/9
  3330 | D:5      | Reached skill level 8 in Axes
  3346 | D:5      | Noticed Grinder
  3351 | D:5      | Paralysed by Grinder for 3 turns
  3358 | D:5      | Killed Grinder
  3642 | D:5      | Found a sparkling altar of Nemelex Xobeh.
  3857 | D:6      | Found a basalt altar of Yredelemnul.
  3868 | D:6      | Reached skill level 9 in Axes
  4007 | D:6      | Reached ** piety under Okawaru
  4064 | D:7      | Noticed a hippogriff
  4070 | D:7      | Killed a hippogriff
  4458 | D:7      | Reached skill level 1 in Stealth
  4458 | D:7      | Reached XP level 9. HP: 75/75 MP: 11/11
  4485 | D:7      | Found a staircase to the Ecumenical Temple.
  4493 | D:7      | Noticed Joseph
  4543 | D:7      | HP: 3/75 [poisoned by a killer bee]
  4543 | D:7      | HP: 1/75 [killer bee (2)]
  4543 | D:7      | Slain by Joseph

Skill      XL: |  1  2  3  4  5  6  7  8  9 |
---------------+----------------------------+-----
Axes           | 3 4 5 6 7 9 |  9.8
Fighting       | 4 5 6 |  6.0
Shields        | 4 5 6 |  6.0
Armour         | 4 5 |  5.7
Dodging        | 1 |  1.9
Evocations     | 1 2 3 |  3.4
Stealth        | 1 |  1.0

Action                   |  1- 3 |  4- 6 |  7- 9 || total
-------------------------+-------+-------+-------++-------
Melee: War axe           |    69 |   139 |   220 ||   428
Evoke: Wand              |       |     6 |     6 ||    12
  Use: Potion            |     1 |     5 |     2 ||     8
       Scroll            |       |     5 |    10 ||    15
 Stab: Confused          |       |     1 |     1 ||     2
  Eat: Royal jelly       |       |     2 |       ||     2
       Bread ration      |       |     1 |       ||     1
       Meat ration       |       |       |     1 ||     1
Armor: Scale mail        |    35 |    70 |   101 ||   206
Dodge: Dodged            |    23 |    35 |    62 ||   120
Block: Shield            |    42 |    73 |   118 ||   233
